 Dungeon Crawl Stone Soup version 0.23.2-40-g277498a001 (webtiles) character file.

Game seed: 3845718547147747867

32393 Exodus22XD the Eclecticist (level 13, -3/63 HPs)
             Began as a Deep Elf Ice Elementalist on Sept 25, 2019.
             Was the Champion of Kikubaaqudgha.
             Slain by an orc warrior
             ... wielding a +0 glaive
             ... led by an orc warlord
              (43 damage)
             ... on level 2 of the Orcish Mines.
             The game lasted 02:50:00 (19726 turns).

Exodus22XD the Eclecticist (DEIE)                  Turns: 19726, Time: 02:50:00

Health: -3/63      AC:  8    Str:  5    XL:     13   Next: 31%
Magic:  3/50       EV: 13    Int: 26    God:    Kikubaaqudgha [******]
Gold:   1482       SH:  0    Dex: 19    Spells: 9/45 levels left

rFire    + . .     SeeInvis .   L - staff of power
rCold    + + +     Gourm    .   (no shield)
rNeg     . . .     Faith    .   T - +1 robe {rC+}
rPois    .         Spirit   .   (no helmet)
rElec    .         Reflect  .   U - +2 cloak {rC+}
rCorr    .         Harm     .   J - +0 pair of gloves
MR       +....                  K - +0 pair of boots
Stlth    ++........             R - amulet "Aghoaq" {+Rage rF+ Dex+4}
HPRegen  0.20/turn              o - ring of ice
MPRegen  0.32/turn              m - ring of protection from fire

@: deflect missiles
A: no striking features
a: Receive Corpses, Torment, Renounce Religion, Evoke Berserk Rage


You were on level 2 of the Orcish Mines.
You worshipped Kikubaaqudgha.
Kikubaaqudgha was exalted by your worship.
You were hungry.

You visited 3 branches of the dungeon, and saw 18 of its levels.
You also visited: Sewer, Ossuary and Ice Cave.

You collected 1482 gold pieces.

Inventory:

Hand Weapons
 F - a +0 dagger of protection
Armour
 k - a scarf of resistance
 J - a +0 pair of gloves (worn)
 K - a +0 pair of boots (worn)
 T - a +1 robe of cold resistance (worn)
 U - a +2 cloak of cold resistance (worn)
Magical Staves
 L - an uncursed staff of power (weapon)
 M - an uncursed staff of wizardry
 P - an uncursed staff of fire
 W - an uncursed staff of poison
Jewellery
 h - an uncursed ring of resist corrosion
 m - a ring of protection from fire (right hand)
 o - a ring of ice (left hand)
 A - an uncursed ring of ice
 R - the amulet "Aghoaq" (around neck) {+Rage rF+ Dex+4}
   (You found it on level 3 of the Lair of Beasts)

   [amulet of rage]

   It affects your dexterity (+4).
   It protects you from fire.
   It lets you go berserk.
Wands
 u - a wand of polymorph (8)
 N - a wand of iceblast (47)
 S - a wand of acid (9)
 X - a wand of disintegration (7)
Scrolls
 d - 6 scrolls of teleportation
 f - 4 scrolls of enchant armour
 i - a scroll of fear
 j - 5 scrolls of magic mapping
 t - 8 scrolls of remove curse
 v - 5 scrolls of fog
 w - 2 scrolls of immolation
 y - 3 scrolls of holy word
 z - a scroll of vulnerability {unknown}
 D - 3 scrolls of enchant weapon
 E - a scroll of torment {unknown}
 G - a scroll of silence {unknown}
 H - a scroll of summoning {unknown}
 I - 2 scrolls of amnesia {unknown}
Potions
 b - a potion of cancellation {unknown}
 e - 2 potions of lignification {unknown}
 g - 4 potions of brilliance
 l - 3 potions of haste
 p - 3 potions of might
 q - 2 potions of heal wounds {unknown}
 r - a potion of mutation {unknown}
 s - 5 potions of curing
 x - 4 potions of flight
 B - 2 potions of agility {unknown}
 C - a potion of invisibility
 O - a potion of ambrosia
Miscellaneous
 Y - a phial of floods
Comestibles
 c - 29 rations


   Skills:
 - Level 2.4 Dodging
 - Level 2.4 Stealth
 - Level 16.5 Spellcasting
 - Level 1.1 Conjurations
 - Level 10.7 Charms
 - Level 4.6 Summonings
 * Level 10.9 Necromancy
 - Level 10.6 Ice Magic
 - Level 10.3 Air Magic


You had 9 spell levels left.
You knew the following spells:

 Your Spells              Type           Power        Failure   Level  Hunger
a - Freeze                Ice            ####         1%          1    None
b - Summon Ice Beast      Ice/Summ       #######.     1%          4    None
c - Ozocubu's Armour      Chrm/Ice       #######.     1%          3    None
d - Throw Frost           Conj/Ice       ######       1%          2    None
e - Simulacrum            Ice/Necr       #######...   4%          6    ###....
f - Borgnjor's Vile Clut  Necr/Erth      ######....   7%          5    None
g - Deflect Missiles      Chrm/Air       ######....   4%          6    ###....
h - Airstrike             Air            ######....   1%          4    None
i - Dispel Undead         Necr           ######..     1%          5    None

Your spell library contained the following spells:

 Spells                   Type           Power        Failure   Level  Hunger
 Pain                     Necr           ####         1%          1    None
 Shock                    Conj/Air       ####         1%          1    None
 Corpse Rot               Necr           N/A          1%          2    None
 Sublimation of Blood     Necr           ######....   1%          2    None
 Swiftness                Chrm/Air       ######..     1%          2    None
 Static Discharge         Conj/Air       ######..     1%          3    None
 Vampiric Draining        Necr           ######....   1%          3    None
 Animate Dead             Necr           N/A          1%          4    None
 Summon Lightning Spire   Summ/Air       ######..     1%          4    None
 Throw Icicle             Conj/Ice       ######..     1%          4    None
 Agony                    Necr           ######..     1%          5    None
 Beastly Appendage        Tmut           ###...       2%          1    None
 Corona                   Hex            ###....      2%          1    None
 Ice Form                 Ice/Tmut       ######..     2%          4    None
 Slow                     Hex            ###.....     3%          2    None
 Sticks to Snakes         Tmut           ###.....     3%          2    None
 Lightning Bolt           Conj/Air       ######....   6%          5    None
 Inner Flame              Hex/Fire       ###.....     7%          3    None
 Portal Projectile        Hex/Tloc       ###...       7%          3    None
 Spider Form              Tmut/Pois      ###.......   7%          3    None
 Silence                  Hex/Air        #####.....   8%          5    None
 Cause Fear               Hex            ###.......   24%         4    None
 Leda's Liquefaction      Hex/Erth       ###.......   24%         4    None
 Conjure Ball Lightning   Conj/Air       ######....   34%         6    ###....
 Blade Hands              Tmut           ###.......   54%         5    None
 Haunt                    Necr/Summ      ######....   63%         7    #####..
 Borgnjor's Revivificati  Necr           ######....   86%         8    ######.
 Infestation              Necr           ######....   86%         8    ######.
 Death's Door             Chrm/Necr      ######....   88%         8    ######.
 Poison Arrow             Conj/Pois      ###.......   96%         6    ###....
 Chain Lightning          Conj/Air       ######....   100%        8    ######.
 Lehudib's Crystal Spear  Conj/Erth      ###.......   100%        8    ######.
 Necromutation            Tmut/Necr      ######....   100%        8    ######.
 Fire Storm               Conj/Fire      ###.......   100%        9    #######
 Glaciate                 Conj/Ice       ######....   100%        9    #######
 Tornado                  Air            ######....   100%        9    #######


Dungeon Overview and Level Annotations

Branches:
Dungeon (10/15)            Temple (0/1) D:6            Lair (6/6) D:8
 Spider (0/4) Lair:3        Slime (0/5) Lair:6          Orc (2/2) D:9
    Elf (0/3) Orc:2
  Swamp: Lair:2-4    Shoals: Lair:2-4

Altars:
Ashenzari
Cheibriados
Fedhas
Gozag
Hepliaklqana
Kikubaaqudgha
Okawaru
Sif Muna
Vehumet
Xom
The Shining One
Jiyva

Annotations:
D:2 1 runed translucent door, Crazy Yiuf
Lair:5 1 runed translucent door, ikselatri's ghost, journeyman MiFi
Lair:6 3 runed translucent doors, Oclau's ghost, journeyman MiBe


Message History

The orc warrior hits your ice beast with a +0 mace!!
Your icy armour cracks and falls away as you move.
Your ice beast hits the orc warrior.
Your ice beast freezes the orc warrior!!
The orc warrior dies!
Kikubaaqudgha accepts your kill.
Your ice beast hits the orc warlord but does no damage.
The orc warlord roars a battlecry!
Your ice beast hits the orc warlord but does no damage.
Your ice beast completely misses the orc warlord.
The orc warlord hits your ice beast with a +1 long sword of protection!
Your ice beast closely misses the orc warlord.
Your ice beast hits the orc warlord but does no damage.
The orc warlord blocks your ice beast's attack. x2
The orc warlord hits your ice beast with a +1 long sword of protection.
Unknown command.
The orc warrior hits you from afar with a +0 glaive!!!
Ouch! That really hurt!
You die...
Kikubaaqudgha rasps: "You have failed me!
Welcome... death!"

#.....#.(....####.###
##..............#....##
#.........##..........#
##.........#.......#.##
#Z#...)).####.....#.#
###....))##.oo....###
##..((รท)#oYYY...##
#.(<(<))........#
###(.)@......#.##
##)))...)#####
##.....)>##
##.))..).).##
#####.......))..##
##.##........))...#
#...........#.)...###
##.#.......###....#.#
#.^......####).....#


You could see an orc warlord, 2 orc warriors and 3 friendly ice beasts.

Vanquished Creatures
  An ice dragon (Lair:2)
  A hydra (Lair:6)
  A necromancer (IceCv)
  An orc sorcerer (Orc:2)
  An elephant (Lair:5)
  2 ice statues
  5 spiny frogs
  9 freezing wraiths (IceCv)
  2 ice devils (Lair:4)
  7 polar bears
  A tyrant leech (Lair:6)
  6 blink frogs
  A hippogriff (Lair:1)
  7 yaks
  A vampire mosquito (Lair:6)
  A warg (Orc:2)
  A water moccasin (Lair:6)
  3 orc warriors
  8 ice beasts
  A black bear (Lair:2)
  An ogre (Orc:2)
  2 wolves (Lair:2)
  An elf zombie (Ossuary)
  6 bullfrogs
  A scorpion (D:10)
  An elephant simulacrum (IceCv)
  A crimson imp (D:5)
  A centaur zombie (Ossuary)
  A hound (D:9)
  A bullfrog skeleton (D:6)
  6 orc priests
  A jelly (D:6)
  An orc wizard (D:7)
  5 worker ants
  Natasha (twice) (D:4)
  An iguana (D:5)
  4 hell rats (Lair:4)
  A spriggan simulacrum (IceCv)
  2 troll simulacra (IceCv)
  A polar bear simulacrum (IceCv)
  A big kobold zombie (Ossuary)
  A wolf simulacrum (IceCv)
  2 centaur simulacra (IceCv)
  13 adders
  2 ogre simulacra (IceCv)
  5 naga simulacra (IceCv)
  6 white imps
  3 worms
  3 dart slugs
  8 leopard geckos
  28 orcs
  11 bats
  8 giant cockroaches
  13 goblins
  18 hobgoblins
  11 jackals
  2 quokkas
  2 ball pythons
  9 frilled lizards
  8 kobolds
  7 rats
  A rat zombie (Ossuary)
  2 fungi
  2 plants
266 creatures vanquished.

Vanquished Creatures (collateral kills)
  The ghost of lepoulpe303 the Grappler, a journeyman TrMo of Qazlal (Lair:3)
  A death ooze (Lair:3)
  4 hydras
  An oklob plant (Lair:1)
  An orb spider (Lair:3)
  3 black mambas
  2 elephants (Lair:5)
  23 spiny frogs
  A rime drake (Lair:2)
  10 komodo dragons
  A freezing wraith (IceCv)
  2 tyrant leeches (Lair:6)
  A troll (D:10)
  4 polar bears
  16 blink frogs
  Grinder (D:3)
  2 slime creatures (Lair:3)
  6 hippogriffs
  4 wyverns
  26 yaks
  2 basilisks
  5 vampire mosquitoes (Lair:6)
  Menkaure (D:5)
  A warg (Orc:2)
  13 water moccasins
  4 porcupines
  Purgy (Sewer)
  A sky beast (D:5)
  8 ice beasts
  11 orc warriors
  3 black bears (Lair:2)
  A phantom (D:10)
  5 ogres
  2 centaurs
  4 wolves (Lair:2)
  6 crocodiles
  A big kobold (D:10)
  19 bullfrogs
  3 scorpions
  A wyvern zombie (D:8)
  4 killer bees (D:8)
  2 electric eels
  A draconian simulacrum (IceCv)
  2 centaur zombies (Ossuary)
  3 hounds
  A quasit (D:10)
  4 orc priests
  3 jellies (Lair:3)
  18 orc wizards
  2 bullfrog skeletons
  An iguana (D:10)
  Natasha (D:4)
  3 hell rats (Lair:4)
  A polar bear simulacrum (IceCv)
  A troll simulacrum (IceCv)
  A killer bee zombie (D:9)
  2 big kobold zombies (Ossuary)
  2 centaur simulacra (IceCv)
  3 mummies (Ossuary)
  A howler monkey skeleton (D:4)
  2 ogre simulacra (IceCv)
  2 adders
  2 naga simulacra (IceCv)
  8 white imps
  An adder skeleton (D:5)
  3 adder zombies (Ossuary)
  2 leopard geckos
  74 orcs
  2 gnoll zombies (Ossuary)
  3 jackals (D:9)
  3 goblin zombies (Ossuary)
  2 hobgoblin zombies (Ossuary)
  A jackal skeleton (D:4)
  6 jackal zombies (Ossuary)
  A kobold zombie (Ossuary)
  A leopard gecko skeleton (D:4)
  An orc zombie (Ossuary)
  2 quokka zombies (Ossuary)
  4 rat zombies (Ossuary)
  2 butterflies (Lair:2)
  A fungus (Lair:3)
  11 plants
392 creatures vanquished.

Vanquished Creatures (others)
  An orc wizard (D:4)
  2 fungi
  41 plants (Lair:6)
44 creatures vanquished.

Grand Total: 702 creatures vanquished

Notes
Turn   | Place    | Note
-------+----------+-------------------------------------------
     0 | D:1      | Exodus22XD the Deep Elf Ice Elementalist began the quest
                  | for the Orb.
     0 | D:1      | Reached XP level 1. HP: 10/10 MP: 6/6
   118 | D:1      | Reached XP level 2. HP: 12/15 MP: 1/8
   437 | D:1      | Reached XP level 3. HP: 19/19 MP: 8/10
   837 | D:2      | Reached skill level 4 in Spellcasting
   915 | D:2      | Found a hazy altar of Hepliaklqana.
   952 | D:2      | Reached XP level 4. HP: 24/24 MP: 4/12
   965 | D:2      | Learned a level 4 spell: Summon Ice Beast
   969 | D:2      | Learned a level 3 spell: Ozocubu's Armour
   972 | D:2      | Learned a level 2 spell: Throw Frost
  1033 | D:2      | Noticed Natasha
  1038 | D:2      | Reached skill level 1 in Summonings
  1256 | D:2      | Found a runed translucent door.
  1257 | D:2      | Noticed Crazy Yiuf
  1729 | D:3      | Reached XP level 5. HP: 24/28 MP: 10/14
  1879 | D:3      | Found a blossoming altar of Fedhas.
  1897 | D:3      | Noticed Grinder
  2106 | D:3      | Found an iron altar of Okawaru.
  2106 | D:3      | Found a snail-covered altar of Cheibriados.
  2109 | D:3      | Found a shattered altar of Ashenzari.
  2514 | D:3      | Killed Grinder
  2514 | D:3      | Reached XP level 6. HP: 22/32 MP: 3/15
  2781 | D:4      | Reached skill level 5 in Spellcasting
  2807 | D:4      | HP: 1/32 [orc wizard/+1 dagger of venom (5)]
  2868 | D:4      | Reached skill level 5 in Ice Magic
  2954 | D:4      | Killed Natasha
  3140 | D:4      | Noticed an orc warrior
  3204 | D:4      | Noticed Natasha
  3217 | D:4      | Killed an orc warrior
  3218 | D:4      | Killed Natasha
  3218 | D:4      | Reached skill level 6 in Spellcasting
  3544 | D:4      | Noticed Natasha
  3554 | D:4      | Killed Natasha
  3639 | D:4      | Reached XP level 7. HP: 36/36 MP: 5/18
  3794 | D:5      | Entered Level 5 of the Dungeon
  3980 | D:5      | Found a glowing drain.
  4017 | Sewer    | Entered a sewer
  4325 | Sewer    | Noticed Purgy
  4338 | Sewer    | Killed Purgy
  4401 | Sewer    | Reached skill level 7 in Spellcasting
  5007 | D:5      | Noticed Menkaure
  5020 | D:5      | Killed Menkaure
  5151 | D:5      | Reached skill level 8 in Spellcasting
  5255 | D:6      | Found a shimmering altar of Xom.
  5296 | D:6      | Reached XP level 8. HP: 35/41 MP: 7/22
  5419 | D:6      | Found an opulent altar of Gozag.
  5555 | D:6      | Found an ancient bone altar of Kikubaaqudgha.
  5566 | D:6      | Became a worshipper of Kikubaaqudgha
  5794 | D:6      | Found a staircase to the Ecumenical Temple.
  6173 | D:7      | Found a glowing golden altar of the Shining One.
  6265 | D:7      | Reached skill level 9 in Spellcasting
  6876 | D:7      | Reached * piety under Kikubaaqudgha
  6876 | D:7      | Identified Kikubaaqudgha's Tome of Necromancy
                  | (Kikubaaqudgha gifted it to you on level 7 of the Dungeon)
  6876 | D:7      | Received a gift from Kikubaaqudgha
  7077 | D:8      | Reached skill level 10 in Spellcasting
  7084 | D:8      | Reached skill level 1 in Necromancy
  7127 | D:8      | Found a sand-covered staircase.
  7134 | Ossuary  | Entered an ossuary
  7284 | Ossuary  | Reached ** piety under Kikubaaqudgha
  7512 | D:8      | Reached XP level 9. HP: 42/45 MP: 17/25
  7669 | D:8      | Reached skill level 5 in Necromancy
  7738 | D:8      | Found a staircase to the Lair.
  8387 | D:9      | Found a radiant altar of Vehumet.
  8425 | D:9      | Reached *** piety under Kikubaaqudgha
  8425 | D:9      | Identified Kikubaaqudgha's Grimoire of Black Rites
                  | (Kikubaaqudgha gifted it to you on level 9 of the Dungeon)
  8425 | D:9      | Received a gift from Kikubaaqudgha
  8634 | D:9      | Found a staircase to the Orcish Mines.
  8709 | D:9      | Learned a level 6 spell: Simulacrum
  8715 | D:9      | Learned a level 5 spell: Borgnjor's Vile Clutch
  9115 | D:9      | Found a deep blue altar of Sif Muna.
  9298 | D:10     | Entered Level 10 of the Dungeon
  9382 | D:10     | Noticed a troll
  9389 | D:10     | Killed a troll
  9413 | D:10     | Reached skill level 10 in Necromancy
  9501 | D:10     | Reached **** piety under Kikubaaqudgha
  9804 | D:10     | Noticed a cyclops
 10078 | D:10     | Reached XP level 10. HP: 50/50 MP: 26/26
 10332 | Lair:1   | Entered Level 1 of the Lair of Beasts
 10349 | Lair:1   | Noticed an eight-headed hydra
 10357 | Lair:1   | Killed an eight-headed hydra
 10357 | Lair:1   | Reached skill level 10 in Ice Magic
 10358 | Lair:1   | Noticed a spiny frog
 10368 | Lair:1   | Killed a spiny frog
 10436 | Lair:1   | Noticed an eight-headed hydra
 10441 | Lair:1   | Killed an eight-headed hydra
 10441 | Lair:1   | Reached skill level 11 in Spellcasting
 10761 | Lair:1   | Reached skill level 12 in Spellcasting
 10803 | Lair:1   | Noticed a black mamba
 10821 | Lair:1   | Killed a black mamba
 10839 | Lair:1   | Noticed a spiny frog
 10850 | Lair:1   | Killed a spiny frog
 10911 | Lair:1   | Noticed a spiny frog
 10932 | Lair:1   | Killed a spiny frog
 11202 | Lair:1   | Reached skill level 13 in Spellcasting
 11279 | Lair:1   | Noticed an oklob plant
 11318 | Lair:1   | Killed an oklob plant
 11666 | Lair:2   | Reached XP level 11. HP: 54/54 MP: 12/30
 11774 | Lair:2   | Noticed an ice dragon
 11846 | Lair:2   | Killed an ice dragon
 11846 | Lair:2   | Reached skill level 14 in Spellcasting
 12384 | Lair:2   | Reached skill level 15 in Spellcasting
 12456 | Lair:2   | Learned a level 6 spell: Deflect Missiles
 12581 | Lair:2   | Reached skill level 1 in Charms
 13118 | Lair:3   | Reached skill level 5 in Charms
 13172 | Lair:3   | Found a hole to the Spider Nest.
 13172 | Lair:3   | Noticed an orb spider
 13203 | Lair:3   | Found a runed translucent gate.
 13203 | Lair:3   | Found a runed translucent gate.
 13204 | Lair:3   | Found a runed translucent gate.
 13206 | Lair:3   | Noticed a death ooze
 13207 | Lair:3   | Noticed lepoulpe303's ghost (journeyman TrMo)
 13209 | Lair:3   | Found a viscous altar of Jiyva.
 13475 | Lair:3   | Noticed a four-headed hydra
 13564 | Lair:3   | Killed a four-headed hydra
 13579 | Lair:3   | Killed a death ooze
 13583 | Lair:3   | Killed lepoulpe303's ghost
 13598 | Lair:3   | Got a bound copper amulet
 13604 | Lair:3   | Identified the amulet "Aghoaq" {+Rage rF+ Dex+4} (You found
                  | it on level 3 of the Lair of Beasts)
 13954 | Lair:3   | Killed an orb spider
 13954 | Lair:3   | Reached skill level 10 in Charms
 14092 | Lair:4   | Found a frozen archway.
 14165 | IceCv    | Entered an ice cave
 14185 | IceCv    | Reached skill level 1 in Air Magic
 14187 | IceCv    | Reached ***** piety under Kikubaaqudgha
 14337 | IceCv    | Learned a level 4 spell: Airstrike
 14350 | IceCv    | Reached XP level 12. HP: 58/58 MP: 7/33
 15072 | IceCv    | Found an ancient bone altar of Kikubaaqudgha.
 15146 | IceCv    | Learned a level 5 spell: Dispel Undead
 15245 | IceCv    | Reached skill level 5 in Air Magic
 16811 | Lair:5   | Found a runed translucent door.
 16811 | Lair:5   | Noticed ikselatri's ghost (journeyman MiFi)
 17666 | Lair:6   | Entered Level 6 of the Lair of Beasts
 17683 | Lair:6   | Found a runed translucent gate.
 17683 | Lair:6   | Found a runed translucent gate.
 17683 | Lair:6   | Found a runed translucent gate.
 17685 | Lair:6   | Noticed Oclau's ghost (journeyman MiBe)
 17691 | Lair:6   | Noticed a seven-headed hydra
 17701 | Lair:6   | Killed a seven-headed hydra
 17770 | Lair:6   | Reached skill level 10 in Air Magic
 17782 | Lair:6   | Reached ****** piety under Kikubaaqudgha
 17783 | Lair:6   | Received a gift from Kikubaaqudgha
 17839 | Lair:6   | Noticed a seven-headed hydra
 17867 | Lair:6   | Reached XP level 13. HP: 37/63 MP: 4/34
 18026 | Lair:6   | Reached skill level 16 in Spellcasting
 18771 | Lair:6   | Found a viscous altar of Jiyva.
 18772 | Lair:6   | Found a staircase to the Slime Pits.
 19110 | Orc:1    | Entered Level 1 of the Orcish Mines
 19212 | Orc:2    | Entered Level 2 of the Orcish Mines
 19212 | Orc:2    | Found a staircase to the Elven Halls.
 19663 | Orc:2    | Noticed an orc warlord
 19726 | Orc:2    | Slain by an orc warrior

Skill      XL: |  1  2  3  4  5  6  7  8  9 10 11 12 13 |
---------------+----------------------------------------+-----
Ice Magic      | 4 5 6 8 9 10 | 10.6
Spellcasting   | 4 6 8 10 13 15 16 | 16.5
Summonings     | 2 4 |  4.6
Necromancy     | 3 10 | 10.9
Charms         | 10 | 10.7
Air Magic      | 2 10 | 10.3
Dodging        | |  2.4
Stealth        | |  2.4
Conjurations   | |  1.1

Action                   |  1- 3 |  4- 6 |  7- 9 | 10-12 | 13-15 || total
-------------------------+-------+-------+-------+-------+-------++-------
Melee: Short sword       |    17 |     5 |       |       |       ||    22
       Dagger            |       |     2 |    52 |       |       ||    54
 Cast: Freeze            |    56 |    85 |   114 |    44 |    18 ||   317
       Summon Ice Beast  |       |    25 |   121 |   215 |    45 ||   406
       Ozocubu's Armour  |       |       |     6 |    16 |     8 ||    30
       Borgnjor's Vile C |       |       |       |    49 |    13 ||    62
       Throw Frost       |       |       |       |     6 |       ||     6
       Airstrike         |       |       |       |    34 |     1 ||    35
       Simulacrum        |       |       |       |     3 |    14 ||    17
       Dispel Undead     |       |       |       |     5 |       ||     5
       Deflect Missiles  |       |       |       |       |     1 ||     1
Invok: Receive Corpses   |       |       |       |     1 |     2 ||     3
       Receive Necronomi |       |       |       |     1 |       ||     1
Evoke: Wand              |       |       |       |    14 |       ||    14
       Box of beasts     |       |       |       |     6 |       ||     6
  Use: Scroll            |       |     5 |     8 |    12 |       ||    25
       Potion            |       |     3 |       |     5 |       ||     8
 Stab: Sleeping          |     5 |     1 |     7 |       |       ||    13
       Distracted        |       |       |     2 |       |       ||     2
  Eat: Chunk             |       |    12 |    23 |     9 |     4 ||    48
       Ration            |       |       |       |     5 |     1 ||     6
Armor: Robe              |    19 |    11 |    21 |    36 |    14 ||   101
Dodge: Dodged            |    39 |    58 |   109 |    72 |    28 ||   306
       Deflected         |       |       |       |       |     9 ||     9
